 Dungeon Crawl Stone Soup version 0.25-a0-87-ga3d287bc14 (webtiles) character file.

Game seed: 4609492569471913338, levelgen mode: deterministic

2177 panicbit the Cleaver (level 9, -4/79 HPs)
             Began as a Minotaur Fighter on Nov 10, 2019.
             Was a Follower of Okawaru.
             Killed by divine providence
             ... invoked by an orc priest
              (16 damage)
             ... on level 7 of the Dungeon.
             The game lasted 00:19:46 (5424 turns).

panicbit the Cleaver (Minotaur Fighter)             Turns: 5424, Time: 00:19:46

Health: -4/79      AC: 15    Str: 21    XL:     9   Next: 11%
Magic:  8/8        EV:  5    Int:  5    God:    Okawaru [*.....]
Gold:   253        SH: 10    Dex: 13    Spells: 8/8 levels left

rFire    . . .     SeeInvis .   a - +0 war axe
rCold    . . .     Gourm    .   c - +0 shield
rNeg     . . .     Faith    .   o - +0 plate armour
rPois    .         Spirit   .   (helmet restricted)
rElec    .         Reflect  .   p - +0 cloak
rCorr    .         Harm     .   n - +0 pair of gloves
MR       .....                  (no boots)
Stlth    ..........             (no amulet)
HPRegen  0.23/turn              x - ring of ice
MPRegen  0.11/turn              g - ring of fire

@: no status effects
A: retaliatory headbutt, horns 2
a: Heroism, Renounce Religion


You were on level 7 of the Dungeon.
You worshipped Okawaru.
Okawaru was aware of your devotion.
You were hungry.

You visited 2 branches of the dungeon, and saw 8 of its levels.

You collected 277 gold pieces.
You spent 24 gold pieces at shops.

Inventory:

Hand Weapons
 a - a +0 war axe (weapon)
Armour
 b - a +0 scale mail
 c - a +0 shield (worn)
 n - a +0 pair of gloves (worn)
 o - a +0 plate armour (worn)
 p - a +0 cloak (worn)
Jewellery
 g - a ring of fire (right hand)
 j - an uncursed ring of flight
 u - an uncursed ring of magical power
 x - a ring of ice (left hand)
Scrolls
 e - a scroll of identify
 h - a scroll of amnesia {unknown}
 k - 6 scrolls of enchant weapon
 m - 6 scrolls of teleportation
 q - 4 scrolls of remove curse {unknown}
 s - 2 scrolls of fear {unknown}
 v - a scroll of magic mapping {unknown}
 y - a scroll of random uselessness {unknown}
Potions
 d - a potion of might
 i - 2 potions of brilliance
 l - 4 potions of flight
 r - 5 potions of curing
 t - a potion of haste
 w - a potion of degeneration {unknown}
 z - 2 potions of heal wounds
Comestibles
 f - 7 rations
 A - 5 chunks of flesh


   Skills:
 + Level 7.3 Fighting
 + Level 9.9 Axes
 + Level 7.1 Armour
 + Level 1.3 Dodging
 + Level 1.2 Stealth
 + Level 6.5 Shields


You had 8 spell levels left.
You didn't know any spells.
Your spell library contained the following spells:

 Spells                   Type           Power        Failure   Level  Hunger
 Shock                    Conj/Air       #...         100%        1    ##.....
 Poisonous Vapours        Pois/Air       #.....       100%        2    ###....
 Mephitic Cloud           Conj/Pois/Air  #.......     100%        3    ####...
 Airstrike                Air            #.........   100%        4    #####..
 Summon Lightning Spire   Summ/Air       #.......     100%        4    #####..
 Freezing Cloud           Conj/Ice/Air   #.........   100%        6    #######


Dungeon Overview and Level Annotations

Branches:
Dungeon (7/15)             Temple (1/1) D:6

Altars:
Ashenzari
Cheibriados
Dithmenos
Elyvilon
Fedhas
Gozag
Kikubaaqudgha
Makhleb
Nemelex Xobeh
Okawaru
Qazlal
Ru
Sif Muna
Trog
Uskayaw
Vehumet
Wu Jian
Xom
Yredelemnul
Zin
The Shining One

Shops:
D:5 :   D:6 (=(*[   D:7 [


Innate Abilities, Weirdness & Mutations

You reflexively headbutt those who attack you in melee.
You have a pair of horns on your head.


Message History

Okawaru accepts your kill.
You closely miss the orc wizard.
You hit the gnoll shaman but do no damage.
The worker ant waves its antennae.
You block the gnoll shaman's attack. The gnoll hits you but does no damage.
You block the orc wizard's attack. The gnoll hits you but does no damage.
The gnoll shaman hits you with a +0 war axe.
* * * LOW HITPOINT WARNING * * *
Items here: $ ( ) ? a +0 shortbow; 13 arrows; a scroll labeled FICO SUTUBUI; 14 gold pieces The centaur hits you but does no damage.
The orc wizard gestures at you while chanting.
The magic dart hits you.
* * * LOW HITPOINT WARNING * * *
The gnoll shaman calls upon its god to speed up the gnoll.
The gnoll seems to speed up.
The centaur hits you but does no damage.
The orc priest mumbles some strange prayers to Beogh against you.
Beogh smites you!
You die...

#.#)...........
#...###.####### ###.#
#.# #.# #.# #.# #.#
#.###.#########
#.............#
#.###.#######.#####.#
## #.# ##.@....... ..
#.#####.c.#####.# ##
#.......#)#
#######.go#
#.##g#####..
#.#.ago......
##.###o∩####### #.#
##(# ##.###.##


You could see a centaur, a gnoll shaman, a worker ant, an orc priest, an orc
wizard, 2 gnolls and an orc.

Vanquished Creatures
  Prince Ribbit (D:5)
  Sigmund (D:4)
  Eustachio (D:6)
  Menkaure (D:4)
  Edmund (D:4)
  A water moccasin (D:5)
  2 ice beasts
  4 ogres
  2 centaurs (D:7)
  Blork the orc (D:5)
  A scorpion (D:5)
  A hound (D:4)
  A bullfrog zombie (D:7)
  A jelly (D:5)
  An orc priest (D:3)
  A bullfrog skeleton (D:5)
  Crazy Yiuf (D:2)
  An orc wizard (D:7)
  Terence (D:2)
  5 worker ants
  5 adders
  2 gnolls (D:7)
  2 worms (D:2)
  3 dart slugs (D:1)
  4 leopard geckos
  23 orcs
  3 giant cockroaches
  5 goblins
  4 hobgoblins
  7 jackals
  3 quokkas
  8 bats
  7 frilled lizards
  2 kobolds
  A leopard gecko skeleton (D:4)
  A quokka skeleton (D:6)
  2 rats
111 creatures vanquished.

Notes
Turn   | Place    | Note
-------+----------+-------------------------------------------
     0 | D:1      | panicbit the Minotaur Fighter began the quest for the Orb.
     0 | D:1      | Reached XP level 1. HP: 19/19 MP: 0/0
   105 | D:1      | Reached XP level 2. HP: 26/27 MP: 1/1
   574 | D:1      | Reached XP level 3. HP: 29/33 MP: 2/2
   773 | D:2      | Reached skill level 3 in Axes
   920 | D:2      | Reached XP level 4. HP: 41/41 MP: 3/3
  1029 | D:2      | Noticed Terence
  1037 | D:2      | Killed Terence
  1243 | D:2      | Found a runed translucent door.
  1244 | D:2      | Noticed Crazy Yiuf
  1349 | D:2      | Killed Crazy Yiuf
  1349 | D:2      | Reached skill level 4 in Axes
  1349 | D:2      | Reached XP level 5. HP: 36/47 MP: 4/4
  2332 | D:3      | Found a faded altar of an unknown god.
  2551 | D:4      | Noticed Menkaure
  2558 | D:4      | HP: 1/47 [Menkaure (13)]
  2561 | D:4      | Killed Menkaure
  2561 | D:4      | Reached skill level 5 in Axes
  2561 | D:4      | Reached XP level 6. HP: 13/55 MP: 5/5
  2659 | D:4      | Noticed Edmund
  2670 | D:4      | Killed Edmund
  2670 | D:4      | Reached skill level 5 in Fighting
  2670 | D:4      | Reached skill level 6 in Axes
  2670 | D:4      | Reached skill level 1 in Dodging
  2683 | D:4      | Reached skill level 5 in Shields
  2683 | D:4      | Reached XP level 7. HP: 29/61 MP: 6/6
  3191 | D:4      | Noticed Sigmund
  3220 | D:4      | Killed Sigmund
  3220 | D:4      | Reached skill level 7 in Axes
  3220 | D:4      | Reached skill level 5 in Armour
  3297 | D:5      | Entered Level 5 of the Dungeon
  3297 | D:5      | Noticed Prince Ribbit
  3328 | D:5      | Killed Prince Ribbit
  3328 | D:5      | Reached skill level 1 in Stealth
  3517 | D:5      | Reached skill level 8 in Axes
  3517 | D:5      | Reached XP level 8. HP: 70/70 MP: 7/7
  3730 | D:5      | Found Sash's Book Boutique.
  3862 | D:5      | Found a snail-covered altar of Cheibriados.
  3964 | D:5      | Noticed Blork the orc
  3979 | D:5      | Killed Blork the orc
  4263 | D:6      | Found a stormy altar of Qazlal.
  4263 | D:6      | Found an ancient bone altar of Kikubaaqudgha.
  4266 | D:6      | Found a shattered altar of Ashenzari.
  4276 | D:6      | Found a staircase to the Ecumenical Temple.
  4280 | D:6      | Reached skill level 9 in Axes
  4295 | D:6      | Found Roso's Jewellery Shop.
  4297 | Temple   | Entered the Ecumenical Temple
  4348 | Temple   | Became a worshipper of Warmaster Okawaru
  4622 | D:6      | Found Jugulefi's Antique Weapon Boutique.
  4634 | D:6      | Identified Coamun's Collected Works on Cankerous Feathers
  4697 | D:6      | Found Xutharch's Weapon Emporium.
  4741 | D:6      | Found Beruemuck's Armour Emporium.
  4767 | D:6      | Found an ornate altar of the Wu Jian Council.
  4770 | D:6      | Found a sparkling altar of Nemelex Xobeh.
  4773 | D:6      | Found a radiant altar of Vehumet.
  4776 | D:6      | Found a hide-covered altar of Uskayaw.
  4798 | D:6      | Noticed Eustachio
  4838 | D:6      | Killed Eustachio
  4950 | D:6      | Found Baoxiys's Assorted Antiques.
  4953 | D:6      | Bought a scroll labeled JEDOFF KOERO for 24 gold pieces
  5277 | D:7      | Found a white marble altar of Elyvilon.
  5347 | D:7      | Reached XP level 9. HP: 79/79 MP: 8/8
  5369 | D:7      | Found Laschogu's Armour Shoppe.
  5399 | D:7      | Reached * piety under Okawaru
  5424 | D:7      | Killed from afar by an orc priest

Levels and vault maps discovered:
D:1:      kennysheep_arrival_forest, layout_loops_ring, bh_walls_and_bars
D:2:      layout_loops_ring, uniq_crazy_yiuf_cottage, uniq_terence
D:3:      layout_loops_ring, chequers_ecumenical_altar_lobes, first_ration,
          kennysheep_minor_cross
D:4:      layout_loops_ring, uniq_edmund, uniq_menkaure, uniq_sigmund
D:5:      layout_gridville, nicolae_overflow_crystal_walls, serial_shops,
          nicolae_shop_stone, uniq_blork_the_orc, uniq_prince_ribbit1
D:6:      layout_loops_ring, grunt_temple_overflow_cloverleaf,
          gammafunk_temple_overflow_forgotten, minmay_temple_entry_mist,
          serial_shops, shop, kennysheep_little_box, shop, shop,
          kennysheep_mini, uniq_eustachio
D:7:      layout_loops_ring, lemuel_doored_altar, serial_shops,
          nicolae_shop_behind_doors, shop_fountains, nicolae_shop_trees, shop,
          shop
Temple:   hc_temple_tempest_star

Skill      XL: |  1  2  3  4  5  6  7  8 |
---------------+-------------------------+-----
Fighting       | 4 5 7 |  7.3
Shields        | 4 5 6 |  6.5
Armour         | 4 5 7 |  7.1
Axes           | 3 4 5 6 8 9 |  9.9
Dodging        | 1 |  1.3
Stealth        | 1 |  1.2

Action                   |  1- 3 |  4- 6 |  7- 9 || total
-------------------------+-------+-------+-------++-------
Melee: War axe           |    83 |    90 |   167 ||   340
       Headbutt          |     5 |    16 |    38 ||    59
  Use: Potion            |       |     2 |       ||     2
       Scroll            |       |       |     5 ||     5
  Eat: Chunk             |       |     6 |     8 ||    14
Armor: Scale mail        |    35 |       |       ||    35
       Plate armour      |     3 |    57 |    85 ||   145
Dodge: Dodged            |    29 |    19 |    31 ||    79
Block: Shield            |    44 |    36 |    97 ||   177

Table legend:
 A = Non-vault XP
 B = Vault XP
 C = Vault XP percentage of total XP
 D = Non-vault monster count
 E = Vault monster count
 F = Vault count percentage of total count
                 A         B        C        D         E       F
            +---------+---------+-------+---------+---------+-------
      Total |    1875 |    1235 |  39.7 |     103 |       8 |   7.2
            +---------+---------+-------+---------+---------+-------
        D:1 |      41 |       0 |   0.0 |      21 |       0 |   0.0
        D:2 |      84 |      76 |  47.5 |      25 |       2 |   7.4
        D:3 |      77 |       0 |   0.0 |      11 |       0 |   0.0
        D:4 |     219 |     577 |  72.5 |       9 |       3 |  25.0
        D:5 |     783 |     386 |  33.0 |      21 |       2 |   8.7
        D:6 |     164 |     196 |  54.4 |       6 |       1 |  14.3
        D:7 |     507 |       0 |   0.0 |      10 |       0 |   0.0
            +---------+---------+-------+---------+---------+-------
